 Dungeon Crawl Stone Soup version 0.30.0-5-g1a98f26d00 (webtiles) character file.

Game seed: 15710286801912628773

37 thromnambular the Ogre Mage (level 3, -8/36 HPs)
             Began as an Ogre Hedge Wizard on May 10, 2023.
             Mangled by an iguana (14 damage)
             ... on level 2 of the Dungeon.
             The game lasted 00:03:11 (1046 turns).

thromnambular the Ogre Mage (Ogre Hedge Wizard)     Turns: 1046, Time: 00:03:11

Health: -8/36      AC:  3    Str: 14    XL:     3   Next: 41%
Magic:  1/8        EV: 10    Int: 15    God:
Gold:   59         SH:  0    Dex: 10    Spells: 8/9 levels left

rFire   . . .        f - +1 club
rCold   . . .        (no shield)
rNeg    . . .        b - +0 robe
rPois   .            c - +0 hat
rElec   .            (no cloak)
rCorr   .            (gloves unavailable)
SInv    .            (boots unavailable)
Will    .....        (no amulet)
Stlth   ++           (no ring)
HPRegen 0.26/turn    (no ring)
MPRegen 0.11/turn

%: no passive effects
@: no status effects
A: large, unfitting armour, tough skin 1
a: no special abilities


You were on level 2 of the Dungeon.
You visited 1 branch of the dungeon, and saw 2 of its levels.

You collected 59 gold pieces.

Inventory:

Hand Weapons
 a - a +0 dagger
 f - a +1 club (weapon)
Armour
 b - a +0 robe (worn)
 c - a +0 hat (worn)
Scrolls
 e - a scroll of noise
 i - 3 scrolls of teleportation


   Skills:
 + Level 2.3 Fighting
 + Level 1.0 Maces & Flails
 + Level 2.5 Dodging
 - Level 1.4 Stealth
 - Level 3.6 Spellcasting
 - Level 0.8 Conjurations
 - Level 0.8 Summonings
 - Level 0.8 Translocations


You had 8 spell levels left.
You knew the following spells:

 Your Spells              Type           Power      Damage    Failure   Level
a - Magic Dart            Conj           20%        1d4       13%         1

Your spell library contained the following spells:

 Spells                   Type           Power      Damage    Failure   Level
 Slow                     Hex            8%         N/A       19%         1
 Blink                    Tloc           10%        N/A       21%         2
 Call Imp                 Summ           10%        N/A       21%         2
 Cigotuvi's Dreadful Rot  Necr/Pois/Air  4%         N/A       28%         2
 Mephitic Cloud           Conj/Pois/Air  3%         N/A       45%         3


Dungeon Overview and Level Annotations

Branches:
Dungeon (2/15)

Altars:

Shops:
D:1 *


Innate Abilities, Weirdness & Mutations

You are too large for most types of armour.
You have tough skin. (AC +1)


Message History

The iguana barely misses you.
Aiming: Magic Dart (safe; 13% risk of failure)
Press: ? - help, Q - select action Shift-Dir - straight line, f/p - iguana
Aim: an iguana (heavily wounded, 100% to hit)
The magic dart hits the iguana but does no damage.
The iguana is heavily wounded.
The iguana bites you.
You aren't carrying any potions.
You hit the iguana but do no damage.
The iguana is heavily wounded.
The iguana barely misses you.
You closely miss the iguana.
The iguana is heavily wounded.
The iguana barely misses you.
You hit the iguana.
The iguana is heavily wounded.
The iguana bites you! x2
You hit the iguana but do no damage.
The iguana is heavily wounded.
The iguana misses you.
Aiming: Magic Dart (safe; 13% risk of failure)
Press: ? - help, Q - select action Shift-Dir - straight line, f/p - iguana
Aim: an iguana (heavily wounded, 100% to hit)
The magic dart hits the iguana but does no damage.
The iguana is heavily wounded.
The iguana bites you but does no damage.
As you read the scroll labelled IGAIXZ UCIR, it crumbles to dust.
You hear a loud clanging noise!
It was a scroll of noise.
You hear a shout!
The iguana bites you.
As you read the scroll labelled CAS ATZOUSHRONUAN, it crumbles to dust.
It is a scroll of enchant weapon.
Your +0 club glows red for a moment.
The iguana bites you!
* * * LOW HITPOINT WARNING * * *
As you read the scroll labelled OSIJAI IXIUSK, it crumbles to dust.
It is a scroll of identify.
i - 3 scrolls of teleportation The iguana bites you!
You die...

#.......†..#########.##
#######.#### #.#
########.# #.#
.........# .#
#######..# .#
########..# ..........#
########.## #@# #l# #.#
### #.# #.. ..# #.#
.### ###.###.. ..
.......)# .. .##.###.#
..# #.###.#


You could see an iguana.

Vanquished Creatures
  An adder (D:2)
  2 ball pythons
  3 bats
  4 endoplasms
  A giant cockroach (D:1)
  4 goblins
  2 hobgoblins
  3 quokkas (D:1)
  A frilled lizard (D:1)
  A kobold (D:2)
  4 rats
26 creatures vanquished.

Notes
Turn   | Place    | Note
-------+----------+-------------------------------------------
     0 | D:1      | thromnambular the Ogre Hedge Wizard began the quest for the
                  | Orb.
     0 | D:1      | Reached XP level 1. HP: 16/16 MP: 5/5
    72 | D:1      | Reached skill level 1 in Fighting
   101 | D:1      | Reached XP level 2. HP: 27/27 MP: 4/6
   106 | D:1      | Found Siwagesy's General Store.
   841 | D:2      | Reached XP level 3. HP: 35/35 MP: 0/8
   982 | D:2      | Reached skill level 1 in Maces & Flails
  1046 | D:2      | Mangled by an iguana

Illustrated notes

Levels and vault maps discovered:
D:1:      minmay_arrival_four_circles, layout_rooms, serial_shops,
          nicolae_shop_pleasant_corner_grove, chequers_serial_rivers_micro_a
D:2:      layout_loops_ring, basic_ecumenical_altar, basic_altar

Skill      XL: |  1  2  3 |
---------------+----------+-----
Fighting       | 1 2 |  2.3
Dodging        | 2 |  2.5
Maces & Flails | 1 |  1.0
Stealth        | |  1.4
Spellcasting   | |  3.6
Conjurations   | |  0.8
Summonings     | |  0.8
Translocations | |  0.8

Action                     || total
---------------------------++-------
  Melee: Dagger            ||    16
         Club              ||    12
   Cast: Magic Dart        ||    59
    Use: Scroll            ||     3
         Potion            ||     1
 Armour: Robe              ||     9
  Dodge: Dodged            ||    23
